 Dungeon Crawl Stone Soup version 0.21.1-1-g345015f (webtiles) character file.

460 inc the Scratcher (level 6, -1/30 HPs)
             Began as a Felid Transmuter on Mar 13, 2018.
             Was an Initiate of Ru.
             Slain by a centaur (10 damage)
             ... on level 6 of the Dungeon.
             The game lasted 00:19:50 (9880 turns).

inc the Scratcher (Felid Transmuter)                Turns: 9880, Time: 00:19:51

Health: -1/30      AC:  2    Str:  6    XL:     6   Next: 78%
Magic:  5/10       EV: 25    Int: 15    God:    Ru [......]
Gold:   354        SH:  0    Dex: 23    Spells: 3/9 levels left
                                        Lives:  0   Deaths: 2

rFire    . . .     SeeInvis +     - Unarmed
rCold    . . .     Gourm    .   (shield unavailable)
rNeg     . . .     Faith    .   (armour unavailable)
rPois    x         Spirit   .   (helmet unavailable)
rElec    .         Reflect  .   (cloak unavailable)
rCorr    .         Harm     .   (gloves unavailable)
MR       .....                  (boots unavailable)
Stlth    +++.......             (no amulet)
HPRegen  0.10/turn              g - ring of stealth
MPRegen  0.12/turn              p - ring of flight

@: spider-form
A: tiny, no armour, no weapons or thrown items, stealth, see invisible,
carnivore, robust 1, slow metabolism 1, evolution 1
a: End Transformation, Renounce Religion, Evoke Flight


You were on level 6 of the Dungeon.
You worshipped Ru.
Ru was noncommittal.
You were not hungry.
You were a venomous arachnid creature.
You visited 1 branch of the dungeon, and saw 6 of its levels.
You also visited: Sewer.

You collected 354 gold pieces.

Inventory:

Missiles
 a - 45 arrows
Jewellery
 g - a ring of stealth (left front leg)
 n - an uncursed amulet of harm
 p - a ring of flight (right front leg)
Wands
 q - a wand of acid (6)
 r - a wand of flame (27)
Scrolls
 e - 2 scrolls of fog {unknown}
 h - 2 scrolls of fear {unknown}
 i - 3 scrolls of remove curse {unknown}
 j - 2 scrolls of enchant armour
 l - 2 scrolls of identify
 m - a scroll of random uselessness {unknown}
 o - 3 scrolls of magic mapping
 s - a scroll of blinking {unknown}
 t - 2 scrolls of teleportation
 w - a scroll of enchant weapon {unknown}
 x - a scroll of noise {unknown}
 y - a scroll of amnesia {unknown}
Potions
 d - 2 potions of mutation
 f - 2 potions of brilliance {unknown}
 k - a potion of invisibility
 u - 2 potions of might
 v - a potion of agility
Books
 b - a book of Changes

   Spells                             Type                      Level
   a - Beastly Appendage              Transmutation                1
   b - Sticks to Snakes               Transmutation                2
   c - Spider Form                    Transmutation/Poison         3
   d - Ice Form                       Ice/Transmutation            4
   e - Blade Hands                    Transmutation                5
Comestibles
 c - 13 rations


   Skills:
 - Level 4.0 Fighting
 - Level 5.3 Dodging
 + Level 6.7 Unarmed Combat
 - Level 2.0 Spellcasting
 - Level 5.7 Transmutations


You had 3 spell levels left.
You knew the following spells:

 Your Spells              Type           Power        Failure   Level  Hunger
a - Beastly Appendage     Tmut           ###...       8%          1    #......
b - Sticks to Snakes      Tmut           ###.....     11%         2    ###....
c - Spider Form           Tmut/Pois      ##........   41%         3    ###....


Dungeon Overview and Level Annotations

Branches:
Dungeon (6/15)
 Temple: D:4-7

Altars:
Ru
The Shining One

Annotations:
D:4 PipsiMox's ghost, amateur HOFi


Innate Abilities, Weirdness & Mutations

You cannot wear armour.
You are incapable of wielding weapons or throwing items.
Your paws allow you to move quietly. (Stealth)
((You have sharp claws.))
((You have razor-sharp teeth.))
You have supernaturally acute eyesight. (SInv)
You are carnivorous and can eat meat at any time.
((You cover ground quickly.))
((You are covered in thick fur. (AC +2)))
You have a slow metabolism.
((Your sharp claws are effective at attacking unaware monsters.))
((Your system is resistant to poisons. (rPois)))
You are robust. (+10% HP)
You evolve.


Message History

The arrow hits your ball python!
Your ball python dies!
There is a stone staircase leading down here.
Your transformation has ended.
The centaur shoots an arrow.
The arrow completely misses you.
The centaur shoots an arrow.
The arrow closely misses you.
The centaur unwields an uncursed shortbow.
The centaur closely misses you.
You scratch the centaur. Your bite misses the centaur.
The centaur is lightly wounded.
The centaur completely misses you.
Casting: Spider Form
Confirm with . or Enter, or press ? or * to list all spells.
You turn into a venomous arachnid creature.
The centaur hits you.
* * * LOW HITPOINT WARNING * * *
You hit the centaur.
The centaur is poisoned.
The centaur is moderately wounded.
The centaur completely misses you. The centaur hits you!
You die...

.oO#.)...## #####.###.##(###
%|g#.....## #...#.##†..##
..o#PPPP..# ##......<....
...#♣P♣...# ####.........(.. .
♣♣PP.## ......#......... ♣P♣..#
......#......... #♣PP).##
##................
###...)..######.......##.####...
%..'........##..sc.....##........
.>.'......(.((>#.......##....#...
...'......(............. ##.....
####♣.....#########...## ##....


PPPPP..## ##.# ##..# ♣PP♣...# ...# ##.. ♣PPPP.## #..# #.. ♣P♣... #..# #.# P...
#..###.# You could see a centaur.

Vanquished Creatures
  A centaur (D:5)
  4 crimson imps
  A centaur zombie (D:5)
  2 jellies (D:5)
  A hound (D:4)
  2 orc priests
  A gnoll shaman (D:4)
  An orc wizard (D:4)
  4 worker ants
  2 iguanas (D:5)
  A hound skeleton (D:5)
  9 gnolls
  5 adders
  An ooze (D:2)
  An adder zombie (D:6)
  3 dart slugs
  3 leopard geckos
  8 orcs
  8 ball pythons
  11 bats
  3 giant cockroaches
  5 goblins
  8 hobgoblins
  10 jackals
  A quokka (D:3)
  8 frilled lizards
  13 kobolds
  A quokka zombie (D:5)
  7 rats
125 creatures vanquished.

Vanquished Creatures (collateral kills)
  An ogre (D:5)
  A centaur (D:4)
  A bullfrog (D:6)
  An iguana (D:6)
  A worker ant (D:4)
  2 gnolls
  2 adders
  2 worms
  3 orcs
  A jackal (D:5)
  A frilled lizard (Sewer)
16 creatures vanquished.

Grand Total: 141 creatures vanquished

Notes
Turn   | Place    | Note
-------+----------+-------------------------------------------
     0 | D:1      | inc the Felid Transmuter began the quest for the Orb.
     0 | D:1      | Reached XP level 1. HP: 9/9 MP: 4/4
   174 | D:1      | Reached XP level 2. HP: 12/12 MP: 4/6
   636 | D:2      | Reached XP level 3. HP: 15/15 MP: 5/7
   881 | D:2      | Reached skill level 5 in Dodging
  1034 | D:2      | Found a faded altar of an unknown god.
  1199 | D:2      | Learned a level 2 spell: Sticks to Snakes
  1203 | D:2      | Learned a level 3 spell: Spider Form
  2165 | D:3      | Gained mutation: Your system is resistant to poisons. (rPois) [potion of mutation]
  2165 | D:3      | Gained mutation: You evolve. [potion of mutation]
  2505 | D:3      | Found a glowing golden altar of the Shining One.
  2571 | D:3      | Reached XP level 4. HP: 19/19 MP: 8/8
  3062 | D:4      | Noticed a centaur
  3364 | D:4      | Killed a centaur
  3435 | D:4      | Found a glowing drain.
  3440 | Sewer    | Entered a sewer
  3471 | Sewer    | Reached XP level 5. HP: 22/22 MP: 7/9
  4611 | D:4      | Reached skill level 5 in Transmutations
  4891 | D:4      | Noticed PipsiMox's ghost (amateur HOFi)
  5163 | D:5      | Entered Level 5 of the Dungeon
  5678 | D:4      | Gained mutation: You are covered in thick fur. (AC +2) [Felid growth]
  5678 | D:4      | Reached XP level 6. HP: 13/25 MP: 2/10
  6298 | D:4      | HP: 1/25 [PipsiMox's ghost (16)]
  6903 | D:6      | HP: 1/28 [bullfrog (6)]
  6921 | D:6      | Noticed an orc warrior
  6925 | D:6      | Killed from afar by an orc priest
  6926 | D:6      | Reached XP level 5. HP: -4/25 MP: 5/9
  7165 | D:6      | Reached XP level 6. HP: 21/28 MP: 10/10
  7833 | D:4      | Reached skill level 4 in Unarmed Combat
  8518 | D:5      | Reached skill level 5 in Unarmed Combat
  8518 | D:5      | Reached XP level 7. HP: 7/32 MP: 7/11
  9224 | D:5      | Reached skill level 6 in Unarmed Combat
  9395 | D:5      | Gained mutation: You are robust. (+10% HP) [evolution]
  9440 | D:5      | Found a sacrificial altar of Ru.
  9450 | D:5      | Became a worshipper of Ru the Awakened
  9827 | D:6      | Killed from afar by an orc wizard
  9828 | D:6      | Reached XP level 6. HP: -2/30 MP: 8/10
  9838 | D:6      | Noticed an orc warrior
  9880 | D:6      | Slain by a centaur

Skill      XL: |  1  2  3  4  5  6  7 |
---------------+----------------------+-----
Dodging        | 3 4 5 |  5.3
Transmutations | 4 5 |  5.7
Fighting       | 4 3 |  4.0
Unarmed Combat | 5 6 |  6.7
Spellcasting   | |  2.0

Action                   |  1- 3 |  4- 6 |  7- 9 || total
-------------------------+-------+-------+-------++-------
Melee: Unarmed           |   158 |   383 |    58 ||   599
       Bite              |    10 |    26 |     4 ||    40
       Headbutt          |     8 |    31 |     3 ||    42
       Punch             |       |     4 |     3 ||     7
 Cast: Beastly Appendage |    12 |    37 |     5 ||    54
       Sticks to Snakes  |     1 |    44 |     5 ||    50
       Spider Form       |       |    10 |     5 ||    15
 Abil: Evoke Flight      |       |     2 |       ||     2
  Use: Scroll            |     3 |     7 |       ||    10
       Potion            |     1 |     7 |     2 ||    10
 Stab: Sleeping          |     4 |     5 |     2 ||    11
       Distracted        |       |     1 |       ||     1
  Eat: Chunk             |     4 |    28 |       ||    32
Armor: Skin              |    14 |    15 |     1 ||    30
Dodge: Dodged            |   138 |   363 |    61 ||   562
